 Dungeon Crawl Stone Soup version 0.18.1-48-g4cf74bf (webtiles) character file.

643 Krovax2 the Digger (level 7, 0/38 HPs)
             Began as a Gargoyle Earth Elementalist on July 22, 2016.
             Was an Initiate of Vehumet.
             Slain by a gnoll
             ... wielding a +0 halberd
              (9 damage)
             ... on level 4 of the Dungeon.
             The game lasted 00:34:36 (6724 turns).

Krovax2 the Digger (Gargoyle Earth Elementalist)    Turns: 6724, Time: 00:34:37

Health: 0/38       AC:  6    Str: 12    XL:     7   Next: 51%
Magic:  8/15       EV: 18    Int: 17    God:    Vehumet [......]
Gold:   263        SH:  0    Dex: 10    Spells: 2 memorised, 12 levels left

rFire  . . .     SeeInvis .     b - 98 stones
rCold  . . .     Gourm    .     a - +0 robe
rNeg   + . .     Faith    .     (no shield)
rPois  ∞         Spirit   .     (no helmet)
rElec  +         Dismiss  .     (no cloak)
rCorr  .         Reflect  .     (no gloves)
SustAt .         Harm     .     (no boots)
MR     .....                    (no amulet)
Stlth  ++........               p - +5 ring of slaying
                                g - +6 ring of evasion

@: not resistant to hostile enchantments, unstealthy
A: negative energy resistance 1, electricity resistance, unbreathing,
petrification resistance, rot immunity, AC +4
a: Renounce Religion


You were on level 4 of the Dungeon.
You worshipped Vehumet.
Vehumet was noncommittal.
You were not hungry.

You visited 2 branches of the dungeon, and saw 6 of its levels.

You collected 263 gold pieces.

Inventory:

Hand Weapons
 h - a +0 club
 i - a +0 dagger
 l - a +1 flail of draining
 t - a +0 mace
 w - a +1 whip
 G - a +0 dagger of chaos
 J - a +3 whip
 N - a +0 great sword
Missiles
 b - 98 stones (in hand)
Armour
 a - a +0 robe (worn)
 k - a +0 leather armour
 I - a +0 ring mail
 K - a +0 leather armour
Jewellery
 g - a +6 ring of evasion (left hand)
 p - a +5 ring of slaying (right hand)
 s - an uncursed ring of resist corrosion
 u - an uncursed ring of see invisible
 v - an uncursed ring of resist corrosion
 L - the ring of Dishonour {rCorr Int+2, unknown}
   (You found it on level 5 of the Dungeon)

   [ring of resist corrosion]

   It affects your intelligence (+2).
Wands
 x - a wand of flame (22/48)
 y - a wand of random effects (29/48)
Scrolls
 e - a scroll of identify
 q - 3 scrolls of amnesia
 z - 2 scrolls of blinking {unknown}
 A - a scroll of recharging {unknown}
 C - a scroll of remove curse
 D - a scroll of enchant weapon
Potions
 f - a potion of magic
 j - 4 potions of mutation
 n - a potion of heal wounds {unknown}
 o - 3 potions of curing {unknown}
 r - 2 potions of degeneration {unknown}
 B - a potion of cancellation {unknown}
 F - a potion of berserk rage {unknown}
Books
 c - a book of Geomancy

   Spells                             Type                      Level
   a - Sandblast                      Earth                        1
   b - Passwall                       Transmutation/Earth          2
   c - Stone Arrow                    Conjuration/Earth            3
   d - Petrify                        Transmutation/Earth          4
   e - Lee's Rapid Deconstruction     Earth                        5
Comestibles
 d - 2 bread rations
 m - 2 fruits
 E - a meat ration
 H - a beef jerky
 M - a chunk of flesh


   Skills:
 + Level 1.0 Fighting
 + Level 1.1 Maces & Flails
 - Level 1.5 Dodging
 - Level 2.1 Stealth
 * Level 5.4 Spellcasting
 + Level 2.7 Conjurations
   Level 0.7 Transmutations
 + Level 6.3 Earth Magic
 + Level 0.3 Evocations


You had 12 spell levels left.
You knew the following spells:

 Your Spells              Type           Power        Failure   Level  Hunger
a - Sandblast             Erth           ####..       1%          1    None
b - Stone Arrow           Conj/Erth      ###...       10%         3    ##.....


Dungeon Overview and Level Annotations

Branches:
Dungeon (5/15)             Temple (1/1) D:4

Altars:
Cheibriados
Dithmenos
Elyvilon
Fedhas
Gozag
Kikubaaqudgha
Nemelex Xobeh
Okawaru
Ru
Vehumet
Xom
Yredelemnul
Zin
The Shining One


Innate Abilities, Weirdness & Mutations

You are resistant to torment.
Your stone body is resilient (AC +4).
You are immune to poison.
You resist negative energy.
You are resistant to electric shocks.
You can survive without breathing.
You are immune to petrification.
You are immune to rotting.


Message History

The gnoll sergeant hits you with a trident!
The gnoll misses you.
Casting: Sandblast
Confirm with . or Enter, or press ? or * to list all spells.
Aiming: Stone Arrow
Press: ? - help, Shift-Dir - straight line, f/p - gnoll sergeant
Aim: a gnoll sergeant, wielding a trident and wearing a scale mail (lightly wounded)
The stone arrow hits the gnoll sergeant.
The gnoll sergeant is heavily wounded.
The gnoll sergeant hits you with a trident.
* * * LOW HITPOINT WARNING * * *
Casting: Stone Arrow
Confirm with . or Enter, or press ? or * to list all spells.
Aiming: Stone Arrow
Press: ? - help, Shift-Dir - straight line, f/p - gnoll sergeant
Aim: a gnoll sergeant, wielding a trident and wearing a scale mail (heavily wounded)
The stone arrow hits the gnoll sergeant.
The gnoll sergeant is severely wounded.
The gnoll hits you with a halberd!
You die...

###.##### #.# #.# #_#.# #.#
##+## #.# #.#.# ###.# ##...##
#.# #.#.# #...#
##....<###.###.#.# ....##
##.......##.......######
#....####.........####.........#
........'.........+.......####.#
.....####......g.g####...## #.#
.<..## ##......@## #..#### #.#
.#### ##.....## #.....# #.# .#
##...## #.###.# #.# .# ##'## #.#
#.# #.# ###### #.# #.###.###.#
#.⌠..## #.# #.........# .#.≈.≈##
##.## #####.#####
.≈....######...## #.#
...##.#≈#......[# #.#


You could see a gnoll sergeant and a gnoll.

Vanquished Creatures
  A phantom (D:5)
  The ghost of tesudzi the Insei, an amateur OpTm (D:3)
  A howler monkey (D:4)
  A crimson imp (D:5)
  A giant frog skeleton (D:4)
  A centaur skeleton (D:4)
  2 iguanas
  Natasha (thrice) (D:3)
  A worker ant (D:5)
  5 gnolls
  4 adders
  2 oozes
  2 adder skeletons
  3 worms
  A dart slug (D:3)
  4 giant geckos
  An orc (D:5)
  2 ball pythons
  10 bats
  6 giant cockroaches
  6 goblins
  12 hobgoblins
  4 jackals
  5 quokkas
  4 giant newts
  A jackal skeleton (D:5)
  10 kobolds
  9 rats
103 creatures vanquished.

Notes
Turn   | Place    | Note
--------------------------------------------------------------
     0 | D:1      | Krovax2 the Gargoyle Earth Elementalist began the quest for the Orb.
     0 | D:1      | Reached XP level 1. HP: 10/10 MP: 3/3
   364 | D:1      | Reached XP level 2. HP: 11/15 MP: 3/5
   545 | D:1      | Reached skill level 4 in Earth Magic
  1088 | D:1      | Reached XP level 3. HP: 19/19 MP: 4/7
  1682 | D:2      | Reached XP level 4. HP: 24/24 MP: 6/8
  1761 | D:2      | Learned a level 3 spell: Stone Arrow
  1768 | D:2      | Found a white marble altar of Elyvilon.
  2759 | D:2      | Reached XP level 5. HP: 28/28 MP: 10/10
  3021 | D:3      | Noticed tesudzi's ghost (amateur OpTm)
  3031 | D:3      | Reached skill level 5 in Earth Magic
  3123 | D:3      | Killed tesudzi's ghost
  3123 | D:3      | Reached skill level 1 in Conjurations
  3186 | D:3      | Noticed Natasha
  3195 | D:3      | Killed Natasha
  3195 | D:3      | Reached XP level 6. HP: 25/32 MP: 5/12
  3240 | D:3      | Noticed Natasha
  3243 | D:3      | Killed Natasha
  3250 | D:3      | Noticed Natasha
  3254 | D:3      | Killed Natasha
  3415 | D:3      | Found a sparkling altar of Nemelex Xobeh.
  3714 | D:3      | Found a sacrificial altar of Ru.
  4706 | D:4      | Found a blossoming altar of Fedhas.
  4788 | D:4      | Found a staircase to the Ecumenical Temple.
  4796 | Temple   | Entered the Ecumenical Temple
  5061 | D:4      | Found a radiant altar of Vehumet.
  5241 | D:4      | Became a worshipper of Vehumet
  5284 | D:4      | Reached skill level 5 in Spellcasting
  5814 | D:4      | Reached XP level 7. HP: 36/36 MP: 6/14
  5824 | D:4      | Reached skill level 6 in Earth Magic
  5872 | D:4      | Found a shimmering altar of Xom.
  6148 | D:5      | Entered Level 5 of the Dungeon
  6319 | D:5      | Found a glowing silver altar of Zin.
  6441 | D:5      | Got a faintly glowing silver ring
  6459 | D:5      | Reached skill level 1 in Fighting
  6507 | D:5      | Found a shadowy altar of Dithmenos.
  6518 | D:5      | Reached skill level 1 in Maces & Flails
  6724 | D:4      | Slain by a gnoll

Skill      XL: |  1  2  3  4  5  6  7 |
---------------+----------------------+-----
Earth Magic    | 4 5 6 |  6.3
Spellcasting   | 3 4 5 |  5.4
Conjurations   | 1 2 |  2.7
Fighting       | 1 |  1.0
Maces & Flails | 1 |  1.1
Dodging        | |  1.5
Stealth        | |  2.1
Transmutations | |  0.7
Evocations     | |  0.3

Action                   |  1- 3 |  4- 6 |  7- 9 || total
-------------------------+-------+-------+-------++-------
Melee: Dagger            |    89 |    81 |       ||   170
       Club              |     5 |       |       ||     5
       Whip              |       |   115 |    30 ||   145
 Cast: Sandblast         |    41 |    83 |    18 ||   142
       Stone Arrow       |       |    10 |    10 ||    20
  Use: Scroll            |       |     5 |     2 ||     7
 Stab: Sleeping          |       |     3 |     2 ||     5
  Eat: Chunk             |     3 |    11 |     4 ||    18
       Beef jerky        |       |     1 |       ||     1
       Fruit             |       |       |     1 ||     1
Armor: Robe              |    39 |    77 |    11 ||   127
Dodge: Dodged            |    91 |   249 |    57 ||   397
